 Dungeon Crawl Stone Soup version 0.21.1-1-g345015f (webtiles) character file.

137 Zachthehappycat the Stinger (level 5, -5/31 HPs)
             Began as an Octopode Venom Mage on July 5, 2018.
             Killed from afar by poxu's ghost (6 damage)
             ... with a blast of sand
             ... on level 3 of the Dungeon.
             The game lasted 00:13:27 (2766 turns).

Zachthehappycat the Stinger (Octopode Venom Mage)   Turns: 2766, Time: 00:13:29

Health: -5/31      AC:  1    Str:  7    XL:     5   Next: 20%
Magic:  5/9        EV: 14    Int: 18    God:
Gold:   93         SH:  0    Dex: 13    Spells: 5/9 levels left

rFire    . . .     SeeInvis .   i - +0 dagger
rCold    . . .     Gourm    .   (no shield)
rNeg     . . .     Faith    .   (helmet restricted)
rPois    .         Spirit   .   h - amulet of inaccuracy (curse)
rElec    .         Reflect  .   m - ring of teleportation (curse)
rCorr    .         Harm     .   (no ring)
MR       .....     Rnd*Tele +   (no ring)
Stlth    +++++.....             (no ring)
HPRegen  0.10/turn              (no ring)
MPRegen  0.11/turn              (no ring)
                                (no ring)
                                (no ring)

@: no status effects
A: almost no armour, stealthy swim, amphibious, 8 rings, constrict 8, camouflage
1, gelatinous body 1
a: no special abilities


You were on level 3 of the Dungeon.
You were not hungry.

You visited 1 branch of the dungeon, and saw 3 of its levels.

You collected 93 gold pieces.

Inventory:

Hand Weapons
 i - a +0 dagger (weapon)
Jewellery
 h - a cursed amulet of inaccuracy (around mantle)
 m - a cursed ring of teleportation (left tentacle)
Scrolls
 e - a scroll of enchant weapon {unknown}
 f - a scroll of identify
 g - a scroll of noise {unknown}
Potions
 c - 3 potions of degeneration {unknown}
 d - a potion of heal wounds
 k - 2 potions of mutation {unknown}
 l - 2 potions of ambrosia {unknown}
 o - a potion of curing {unknown}
Books
 a - a Young Poisoner's Handbook

   Spells                             Type                      Level
   a - Sting                          Conjuration/Poison           1
   b - Poisonous Vapours              Poison/Air                   2
   c - Mephitic Cloud                 Conjuration/Poison/Air       3
   d - Olgreb's Toxic Radiance        Poison                       4
   e - Venom Bolt                     Conjuration/Poison           5
Comestibles
 b - 3 rations
 j - 8 chunks of flesh


   Skills:
 + Level 0.1 Short Blades
 + Level 2.7 Dodging
 + Level 4.0 Stealth
 - Level 0.2 Unarmed Combat
 + Level 2.7 Spellcasting
 + Level 1.7 Conjurations
 + Level 4.8 Poison Magic


You had 5 spell levels left.
You knew the following spells:

 Your Spells              Type           Power        Failure   Level  Hunger
a - Sting                 Conj/Pois      ##..         4%          1    None
b - Mephitic Cloud        Conj/Pois/Air  ##......     21%         3    ###....


Dungeon Overview and Level Annotations

Branches:
Dungeon (3/15)

Altars:
Gozag
Xom

Annotations:
D:3 poxu's ghost, amateur GrEE


Innate Abilities, Weirdness & Mutations

You cannot wear most types of armour.
You are very stealthy in the water. (Stealth+)
You are amphibious.
You can wear up to eight rings at the same time.
You can use your tentacles to constrict eight enemies at once.
Your skin changes colour to match your surroundings (Stealth+).
Your rubbery body absorbs attacks. (AC +1, EV +1)


Message History

As you read the scroll labeled LOSOWO WUNUIHA, it crumbles to dust.
The creatures around you are filled with an inner flame!
It was a scroll of immolation.
Poxu's ghost wails, "You must not succeed where I failed!"
Poxu's ghost hits you. Poxu's ghost casts a spell at you.
The blast of sand hits you!
* * * LOW HITPOINT WARNING * * *
Your magical contamination has completely faded away.
Poxu's ghost whispers, "Death is liberation."
You feel much better. Poxu's ghost barely misses you.
Poxu's ghost ripples.
Poxu's ghost casts a spell at you. The blast of sand hits you!
Poxu's ghost casts a spell at you. The blast of sand hits you!
* * * LOW HITPOINT WARNING * * *
Poxu's ghost points at you and mumbles some strange words.
The blast of sand hits you!
You die...

,,,,≈≈≈........≈≈≈≈...##PP# *,*
*,,≈≈≈≈#......#≈≈≈≈.....P#****,**
,,,≈≈,*##....###.≈≈..#.P.P**,,,,,
**,≈≈≈≈#......#≈≈≈≈.#..##.#*,,,,,
,,,,≈≈≈........≈≈≈≈....P.#**,,,,,
,,,,≈≈≈#......#≈W≈≈...##****,,,,,
*,,≈≈.*##....###.≈≈P...#*≈≈*,,,,,
,,,≈≈≈≈#......#≈≈≈.##.##≈≈,*,****
,,≈≈≈≈≈........≈@.##.##≈≈,,*,* *,
**,≈≈≈≈#......#≈≈≈..#*≈≈≈,,*,* *,
,,,,≈≈*##....###≈#.##≈≈≈,,,*,* *,
**,,,≈≈*.....,*.≈.##≈≈,,****,***,
≈***,,≈≈,,..,,.≈≈#*≈≈≈≈,*,,*,*,,,
,,≈***,≈,,,,,.≈≈##≈≈≈≈≈≈*,,*,*,*,
,,≈≈≈**≈≈,,,,.##*≈≈≈≈≈≈≈*,,*,*,#.
,,≈≈≈≈*****+****≈≈≈≈≈≈≈,*,,*,*.#.
,≈≈≈≈≈≈≈**,,**≈≈≈≈≈≈≈≈,,**+*,*...


You could see poxu's ghost (inner flame).

Vanquished Creatures
  A howler monkey (D:3)
  2 adders (D:3)
  An ooze (D:2)
  2 dart slugs
  2 leopard geckos
  2 orcs (D:3)
  14 giant cockroaches
  4 goblins
  7 hobgoblins
  9 kobolds
  2 quokkas (D:3)
  10 bats
  A frilled lizard (D:1)
  6 rats
63 creatures vanquished.

Notes
Turn   | Place    | Note
-------+----------+-------------------------------------------
     0 | D:1      | Zachthehappycat the Octopode Venom Mage began the quest for the Orb.
     0 | D:1      | Reached XP level 1. HP: 11/11 MP: 3/3
   400 | D:1      | Reached XP level 2. HP: 17/17 MP: 0/5
   655 | D:1      | Reached XP level 3. HP: 21/21 MP: 2/6
  1253 | D:1      | Learned a level 3 spell: Mephitic Cloud
  2263 | D:2      | Reached XP level 4. HP: 24/27 MP: 0/7
  2515 | D:3      | Found a shimmering altar of Xom.
  2567 | D:3      | Found an opulent altar of Gozag.
  2662 | D:3      | Reached XP level 5. HP: 28/31 MP: 1/9
  2730 | D:3      | Noticed poxu's ghost (amateur GrEE)
  2746 | D:3      | HP: 1/31 [poxu's ghost/blast of sand (9)]
  2763 | D:3      | HP: 1/31 [poxu's ghost/blast of sand (14)]
  2766 | D:3      | Killed from afar by poxu's ghost

Skill      XL: |  1  2  3  4 |
---------------+-------------+-----
Stealth        | 3 4 |  4.0
Poison Magic   | 4 |  4.8
Short Blades   | |  0.1
Dodging        | |  2.7
Unarmed Combat | |  0.2
Spellcasting   | |  2.7
Conjurations   | |  1.7

Action                   |  1- 3 |  4- 6 || total
-------------------------+-------+-------++-------
Melee: Unarmed           |    62 |    67 ||   129
       Constrict         |    14 |    17 ||    31
       Tentacles         |     8 |    11 ||    19
       Dagger            |       |     2 ||     2
 Cast: Sting             |    74 |    25 ||    99
  Use: Potion            |     1 |     3 ||     4
       Scroll            |     1 |     3 ||     4
 Stab: Sleeping          |     1 |     1 ||     2
       Invisible         |       |     1 ||     1
  Eat: Chunk             |     3 |     4 ||     7
Armor: Skin              |     9 |     9 ||    18
Dodge: Dodged            |    67 |    83 ||   150
